 Dungeon Crawl Stone Soup version 0.18-b1-22-ge198996 (webtiles) character file.

4008 varam the Grappler (level 10, -7/90 (91) HPs)
             Began as a Troll Transmuter on May 3, 2016.
             Killed by divine providence
             ... invoked by an orc priest
              (18 damage)
             ... on level 8 of the Dungeon.
             The game lasted 00:42:32 (9107 turns).

varam the Grappler (Troll Transmuter)               Turns: 9107, Time: 00:42:33

HP:   -7/90 (91)    AC:  2    Str: 26    XL:     10   Next: 3%
MP:   14/16         EV: 19    Int:  9    God:
Gold: 495           SH:  0    Dex: 17    Spells: 4 memorised, 9 levels left

rFire  + . .     SeeInvis +       - Unarmed
rCold  x . .     Gourm    +     (armour currently unavailable)
rNeg   . . .     Faith    .     (shield currently unavailable)
rPois  x         Spirit   .     (helmet currently unavailable)
rElec  .         Dismiss  .     (cloak currently unavailable)
rCorr  .         Reflect  .     (gloves unavailable)
SustAt .         Harm     +     (boots unavailable)
MR     .....                    L - amulet of harm
Stlth  ++........               D - ring of fire
                                M - ring "Pant" {Str+5 SInv}

@: spider-form (expiring), not resistant to hostile enchantments, unstealthy
A: unfitting armour, (claws 0), fast metabolism 3, gourmand, regeneration 2,
(shaggy fur 0), (tough skin 0)
a: End Transformation


You were on level 8 of the Dungeon.
You were full.
You were a venomous arachnid creature.
You visited 1 branch of the dungeon, and saw 8 of its levels.
You also visited: Sewer.

You collected 495 gold pieces.

Inventory:

Missiles
 a - 226 arrows
Armour
 b - a +0 robe (melded)
 A - a +2 cloak (melded)
Rods
 Q - a +0 rod of clouds (14/14)
   (You found it on level 8 of the Dungeon)
Jewellery
 h - an uncursed amulet of faith
 o - an uncursed ring of protection from cold
 D - a ring of fire (right front leg)
 L - an amulet of harm (around neck)
 M - the ring "Pant" (left front leg) {Str+5 SInv}
   (You found it on level 7 of the Dungeon)

   [ring of see invisible]

   It affects your strength (+5).
   It lets you see invisible.
Wands
 f - a wand of acid (3/15)
 s - a wand of teleportation (1/9)
 O - a wand of heal wounds (3/9)
Scrolls
 e - 2 scrolls of fear {unknown}
 j - 7 scrolls of teleportation
 k - 4 scrolls of blinking {unknown}
 n - 2 scrolls of random uselessness {unknown}
 p - 2 scrolls of recharging {unknown}
 q - a scroll of noise {unknown}
 u - 4 scrolls of remove curse
 w - a scroll of magic mapping {unknown}
 z - 2 scrolls of amnesia {unknown}
 C - a scroll of enchant armour {unknown}
 G - 2 scrolls of identify {unknown}
 K - a scroll of enchant weapon {unknown}
Potions
 i - 4 potions of heal wounds {unknown}
 l - 2 potions of degeneration {unknown}
 m - a potion of ambrosia {unknown}
 r - 3 potions of flight {unknown}
 t - 7 potions of curing
 v - a potion of beneficial mutation {unknown}
 x - a potion of cancellation {unknown}
 B - 2 potions of might {unknown}
 E - a potion of berserk rage {unknown}
 F - a potion of agility {unknown}
 I - a potion of brilliance {unknown}
 J - a potion of mutation {unknown}
Books
 c - a book of Changes

   Spells                             Type                      Level
   a - Beastly Appendage              Transmutation                1
   b - Sticks to Snakes               Transmutation                2
   c - Spider Form                    Transmutation/Poison         3
   d - Ice Form                       Ice/Transmutation            4
   e - Blade Hands                    Transmutation                5
 y - a book of Spatial Translocations

   Spells                             Type                      Level
   a - Apportation                    Translocation                1
   b - Blink                          Translocation                2
   c - Shroud of Golubria             Charms/Translocation         2
   d - Portal Projectile              Translocation                3
   e - Teleport Other                 Translocation                3
   f - Passage of Golubria            Translocation                4
Miscellaneous
 H - a plain deck of changes
Comestibles
 d - 8 bread rations
 g - 3 meat rations
 N - 7 beef jerkies
 P - a slice of pizza
 R - 4 fruits
 S - 3 chunks of flesh


   Skills:
 - Level 3.4 Fighting
 - Level 1.5 Dodging
 + Level 9.2 Unarmed Combat
 - Level 5.0 Spellcasting
 - Level 6.0 Transmutations


You had 9 spell levels left.
You knew the following spells:

 Your Spells              Type           Power        Failure   Level  Hunger
a - Beastly Appendage     Trmt           ##....       8%          1    #......
b - Sticks to Snakes      Trmt           ##......     12%         2    ##.....
c - Spider Form           Trmt/Pois      #.........   45%         3    ###....
d - Ice Form              Ice/Trmt       #.......     91%         4    #####..


Dungeon Overview and Level Annotations

Branches:
Dungeon (8/15)             Temple (0/1) D:5
   Lair: D:8-11

Altars:
Cheibriados
Dithmenos
Elyvilon
Fedhas
Gozag
Nemelex Xobeh
Okawaru
Xom
Zin
The Shining One

Shops:
D:5 *

Annotations:
D:3 skk's ghost, amateur GrFi


Innate Abilities, Weirdness & Mutations

You are too large for most types of armour.
((You have claws for hands.))
Your metabolism is lightning-fast.
You like to eat raw meat.
You heal very quickly.
((You are covered in fur (AC +1).))
((You have very tough skin (AC +2).))


Message History

You barely miss the orc warrior.
The orc warrior hits you with a battleaxe!!
The orc priest shouts!
You bite the orc warrior!
The orc warrior is moderately wounded.
You closely miss the orc warrior.
The orc warrior is moderately wounded.
The orc warrior hits you with a battleaxe!
The orc priest looks braver for a moment.
You barely miss the orc warrior.
The orc warrior is moderately wounded.
The orc warrior hits you with a battleaxe!!
* * * LOW HITPOINT WARNING * * *
You are too injured to fight recklessly!
You are too injured to fight recklessly!
Things that are here:
a war axe; an orc corpse The orc priest calls down the wrath of Beogh upon you.
Beogh smites you!
You die...

###.# .#
##.####)##.#
...........#
.#.#.####.##
# #.## #..#
##.# #..##
#$s.####
##.....#
#.##o#.##
#...#.#
##.#o## #.
... ## ##..#
#.# $..


You could see an orc warrior and an orc priest.

Vanquished Creatures
  Grinder (D:3)
  Grum (D:8)
  Duvessa (D:7)
  4 ice beasts
  An ogre (D:7)
  3 phantoms
  2 necrophages
  2 wolves (D:8)
  6 centaurs
  2 big kobolds (Sewer)
  Blork the orc (D:6)
  3 giant frogs
  Dowan (D:7)
  5 scorpions
  A quasit (D:5)
  3 jellies
  6 hounds
  Crazy Yiuf (D:4)
  3 orc priests
  A giant frog skeleton (D:8)
  A gnoll shaman (D:4)
  3 iguanas
  9 orc wizards
  4 worker ants
  A hound skeleton (D:4)
  13 gnolls
  13 adders
  5 river rats
  2 oozes
  An adder skeleton (D:4)
  7 worms
  A dart slug (D:1)
  6 giant geckos
  27 orcs
  7 giant cockroaches
  5 goblins
  17 hobgoblins
  8 jackals
  7 quokkas
  7 ball pythons
  7 bats
  6 giant newts
  15 kobolds
  11 rats
  A fungus (D:4)
232 creatures vanquished.

Vanquished Creatures (others)
  An orc wizard (D:4)
  A worker ant (D:4)
  An adder (D:4)
  2 orcs (D:4)
  A giant cockroach (D:4)
6 creatures vanquished.

Grand Total: 238 creatures vanquished

Notes
Turn   | Place    | Note
--------------------------------------------------------------
     0 | D:1      | varam the Troll Transmuter began the quest for the Orb.
     0 | D:1      | Reached XP level 1. HP: 18/18 MP: 1/1
    30 | D:1      | Reached skill level 1 in Fighting
   144 | D:1      | Reached XP level 2. HP: 27/27 MP: 2/2
   153 | D:1      | Learned a level 2 spell: Sticks to Snakes
   561 | D:1      | Reached XP level 3. HP: 35/35 MP: 1/3
  1383 | D:2      | Reached XP level 4. HP: 39/44 MP: 2/4
  1690 | D:2      | Reached XP level 5. HP: 30/53 MP: 2/5
  1703 | D:2      | Learned a level 3 spell: Spider Form
  1917 | D:3      | Noticed skk's ghost (amateur GrFi)
  1994 | D:3      | Found a blossoming altar of Fedhas.
  2465 | D:3      | Reached skill level 4 in Unarmed Combat
  2634 | D:4      | Noticed an ice beast
  2654 | D:4      | Killed an ice beast
  2654 | D:4      | Reached XP level 6. HP: 40/61 MP: 0/7
  2770 | D:3      | Noticed Grinder
  2789 | D:3      | Paralysed by Grinder for 5 turns
  2819 | D:3      | Killed Grinder
  2819 | D:3      | Reached XP level 7. HP: 56/67 MP: 1/9
  2893 | D:3      | Found an iron altar of Okawaru.
  3519 | D:4      | Found a shimmering altar of Xom.
  3663 | D:4      | Found an opulent altar of Gozag.
  3833 | D:4      | Noticed Crazy Yiuf
  3841 | D:4      | Killed Crazy Yiuf
  3914 | D:5      | Entered Level 5 of the Dungeon
  3969 | D:5      | Found a shadowy altar of Dithmenos.
  4065 | D:5      | Found a sparkling altar of Nemelex Xobeh.
  4111 | D:5      | Found Mimaops's Assorted Antiques.
  4289 | D:5      | Reached XP level 8. HP: 68/75 MP: 10/12
  4315 | D:5      | Found a glowing drain.
  4326 | Sewer    | Entered a sewer
  5088 | D:5      | Found a staircase to the Ecumenical Temple.
  5309 | D:5      | Reached skill level 5 in Transmutations
  6578 | D:6      | Reached skill level 5 in Unarmed Combat
  6578 | D:6      | Reached XP level 9. HP: 45/83 MP: 13/15
  6867 | D:6      | Got an ichor-stained dagger
  6868 | D:6      | Identified the cursed +1 dagger "Bejelugh" {pierce, Str+2} (You found it on level 6 of the Dungeon)
  6901 | D:6      | Found a glowing golden altar of the Shining One.
  6985 | D:6      | Found a white marble altar of Elyvilon.
  7047 | D:6      | Reached skill level 6 in Unarmed Combat
  7272 | D:6      | Noticed Blork the orc
  7378 | D:6      | Killed Blork the orc
  7418 | D:7      | Got a scorched glass ring
  7425 | D:7      | Identified the ring "Pant" {Str+5 SInv} (You found it on level 7 of the Dungeon)
  7596 | D:7      | Noticed Duvessa
  7609 | D:7      | Killed Duvessa
  7609 | D:7      | Reached skill level 5 in Spellcasting
  7806 | D:7      | Learned a level 4 spell: Ice Form
  8043 | D:7      | Reached skill level 7 in Unarmed Combat
  8198 | D:7      | Noticed Dowan
  8206 | D:7      | Killed Dowan
  8570 | D:8      | Noticed Grum
  8574 | D:8      | Reached skill level 8 in Unarmed Combat
  8589 | D:8      | Killed Grum
  8722 | D:8      | Found a glowing silver altar of Zin.
  8805 | D:8      | Identified the Incunabulum of Feathers
  8957 | D:8      | Reached skill level 9 in Unarmed Combat
  9024 | D:8      | Found a snail-covered altar of Cheibriados.
  9031 | D:8      | Reached XP level 10. HP: 90/90 MP: 12/16
  9107 | D:8      | Killed from afar by an orc priest

Skill      XL: |  1  2  3  4  5  6  7  8  9 |
---------------+----------------------------+-----
Fighting       | 1 2 3 |  3.4
Unarmed Combat | 4 5 9 |  9.2
Transmutations | 2 3 4 5 6 |  6.0
Spellcasting   | 2 3 4 5 |  5.0
Dodging        | |  1.5

Action                   |  1- 3 |  4- 6 |  7- 9 | 10-12 || total
-------------------------+-------+-------+-------+-------++-------
Melee: Unarmed           |    99 |   111 |   528 |    25 ||   763
       Kick              |    19 |     9 |    16 |       ||    44
       Headbutt          |     2 |     4 |    21 |       ||    27
       Punch             |     1 |     3 |     4 |       ||     8
 Cast: Beastly Appendage |    26 |    20 |    33 |       ||    79
       Sticks to Snakes  |       |     6 |     8 |       ||    14
       Spider Form       |       |       |    58 |     3 ||    61
  Use: Scroll            |       |       |     3 |       ||     3
 Stab: Sleeping          |       |       |     1 |       ||     1
  Eat: Chunk             |    19 |    12 |    64 |       ||    95
       Fruit             |       |       |     2 |       ||     2
       Meat ration       |       |       |     1 |       ||     1
Armor: Robe              |    42 |    47 |    50 |       ||   139
       Skin              |       |       |    15 |       ||    15
Dodge: Dodged            |    50 |    61 |   365 |    10 ||   486
